[Event "92nd ARG-ch Final 2017"]
[Site "Buenos Aires"]
[Date "2017.10.12"]
[Round "1"]
[White "Pierrot, Facundo"]
[Black "Cuberli, Emiliano"]
[Result "0-1"]
[ECO "A00"]
[WhiteElo "2405"]
[BlackElo "2248"]
[Annotator "ChessBase"]
[PlyCount "74"]
[EventDate "2017.10.12"]
[EventType "tourn"]
[EventCountry "ARG"]
[SourceTitle "playchess.com"]
[Source "ChessBase"]
[SourceQuality "1"]
[TimeControl "40/5400+30:1800+30"]

1. e4 c5 2. Nf3 d6 3. d4 cxd4 4. Nxd4 Nf6 5. Nc3 a6 6. Be2 e5 7. Nf3 Be7 8. Bg5 O-O 9. a4 Be6 10. Bxf6 Bxf6 11. O-O Nc6 12. Nd5 Bxd5 13. Qxd5 Qc7 14. Rfd1 Rfd8 15. c3 Ne7 16. Qb3 Rac8 17. a5 d5 18. exd5 e4 19. Ne1 Be5 20. g3 Kh8 21. Ra4 f5 22. Rc4 Qd7 23. Rb4 Rb8 24. Nc2 Rf8 25. Nd4 Qxd5 26. Bc4 Qxa5 27. Ra4 Qc5 28. Ne6 Qa7 29. Nxf8 Rxf8 30. Rd7 e3 31. Rxe7 exf2+ 32. Kf1 Qe3 33. Be2 f4 34. Rxf4 Qc1+ 35. Qd1 Bxf4 36. gxf4 Qxf4 37. Qd4 Qg5 0-1